Cogmind - Beta 16.1 @@@ ROGUE MODE // 2026.04.09 @ 00:37:25 Player: Maelyn Result: Destroyed by G-34 Mercenary with Small Laser Performance ------------- Evolutions (0) 0 Regions Visited (2) 400 Robots Destroyed (17) 85 Value Destroyed (343) 343 Prototype IDs (2) 40 Alien Tech Used (0) 0 Bonus (0) 0 TOTAL SCORE: 868 Bonus ------- None Cogmind --------- Core Integrity 0/250 Matter 300/300 Energy 250/250 System Corruption 0% Temperature Cool (6) Movement Core (300) Ox5 Location -10/Mines Parts ------- > --- POWER (1) -------- Ion Engine > --- PROPULSION (2) --- (None) > --- UTILITY (2) ------ Small Storage Unit Experimental Sensor Array > --- WEAPON (2) ------- Medium Laser Improved Medium Laser > --- INVENTORY (8) ---- Light Ion Engine Light Nuclear Core Aluminum Leg Aluminum Leg Improved Heat Sink Light Armor Plating Light Assault Rifle Light Assault Rifle Peak State ------------ > --- POWER ------------ Ion Engine > --- PROPULSION ------- Light Treads > --- UTILITY ---------- Small Storage Unit Experimental Sensor Array > --- WEAPON ----------- Improved Medium Laser Light Assault Rifle > --- INVENTORY -------- Light Ion Engine Light Nuclear Core Aluminum Leg Aluminum Leg Improved Heat Sink Light Armor Plating Medium Laser Light Assault Rifle [Rating: 17] Favorites ----------- Power Ion Engine Engine Ion Engine Propulsion Light Treads Treads Light Treads Leg Aluminum Leg Utility Small Storage Unit Device Seismic Detector Storage Small Storage Unit Protection Light Armor Plating Weapon Improved Medium Laser Energy Gun Improved Medium Laser Ballistic Gun Assault Rifle Build | -11 -10 -10 ------- Run | Yrd Mat Min Slots Evolved . | . . . Power . | . . . Propulsion . | . . . Utility . | . . . Weapon . | . . . Parts Attached 15 | 7 3 5 Power 2 | 1 . 1 Engine 2 | 1 . 1 Core . | . . . Reactor . | . . . Propulsion 3 | 3 . . Treads 2 | 2 . . Leg 1 | 1 . . Wheel . | . . . Hover . | . . . Flight . | . . . Utility 4 | 1 1 2 Device 2 | . 1 1 Storage 1 | 1 . . Processor . | . . . Hackware . | . . . Protection 1 | . . 1 Artifact . | . . . Weapon 6 | 2 2 2 Energy Gun 4 | . 2 2 Energy Cannon . | . . . Ballistic Gun 2 | 2 . . Ballistic Cannon . | . . . Launcher . | . . . Special Weapon . | . . . Impact Weapon . | . . . Slashing Weapon . | . . . Piercing Weapon . | . . . Special Melee Weapon . | . . . Unidentified Prototypes 2 | . 1 1 Parts Lost 4 | . 2 2 Power 1 | . 1 . Propulsion 2 | . . 2 Utility 1 | . 1 . Weapon . | . . . Highest Loss Streak 2 | . 2 1 To Critical Strikes . | . . . Average Backups 7 | 3 7 7 Power 1 | . 1 1 Propulsion 1 | 1 2 2 Utility . | . . 1 Weapon 3 | 1 3 3 Tool/Special . | . . . Unused Backups 7 | . . 7 Power 3 | . . 3 Propulsion 1 | . . 1 Utility 1 | . . 1 Weapon 2 | . . 2 Tool/Special . | . . . Average Slot Usage (%) 91 | . 93 89 Engine 13 | . 12 14 Treads 22 | . 28 18 Device 7 | . 10 6 Storage 14 | . 14 14 Protection 4 | . . 7 Energy Gun 15 | . 10 18 Ballistic Gun 12 | . 16 9 Peak Build Rating 17 | 6 10 17 Average Rating 10 | 3 8 12 On Entrance 4 | . 6 8 Avg Prop Armor Cover (%) . | . . . Naked Turns . | . . . Heaviest Build 18 | 13 16 18 Greatest Support 40 | 40 40 40 Greatest Overweight (x) 5 | 1 . 5 Average Overweight (x) . | . . . Largest Inventory Capacity 8 | 8 8 8 Average Capacity 7 | 6 8 8 Most Carried 8 | 5 8 8 Average Carried 7 | 4 7 7 Final Capacity 8 | 8 8 8 Final Carried 8 | 4 8 8 Class Distribution -------------------- 100% | Mutant Dominant Class ---------------- Mutant | -10/Materials Mutant | -10/Mines Resources | -11 -10 -10 ----------- Run | Yrd Mat Min Matter Collected 473 | 204 110 159 Remotely . | . . . Salvage Created 471 | . 161 310 Parts 27 | . 14 13 Haulers Intercepted . | . . . Recyclers Shooed . | . . . Parts Field Recycled . | . . . Retrieved Matter . | . . . Parts Self-Destructed . | . . . Prevented . | . . . Parts Restored . | . . . Kills | -11 -10 -10 ------- Run | Yrd Mat Min Combat Hostiles Destroyed 16 | . 5 11 Guns 16 | . 5 11 Classes Destroyed 5 | . 4 1 Tunneler 1 | . 1 . Watcher 1 | . 1 . Swarmer 9 | . 3 6 Grunt 6 | . 2 4 Assembled 1 | . . 1 Best Kill Streak 4 | . 4 3 Combat Bots Only 4 | . 4 3 Max Kills in Single Turn 1 | . 1 1 Gunslinging . | . . . Exploded . | . . . Melee . | . . . Uniques/NPCs Destroyed . | . . . Combat | -11 -10 -10 -------- Run | Yrd Mat Min Hostile Shots Fired 127 | . 63 64 Missed 30 | . 10 20 Hits 97 | . 53 44 Projectile 97 | . 53 44 Critical Strikes 3 | . 1 2 Damage Taken 990 | . 495 495 Core 252 | . 97 155 Absorbed by Shields . | . . . Core Remaining (%) 100 | 100 . . Volleys Fired 63 | . 24 39 Largest 2 | . 2 2 Hottest 106 | . 76 106 Shots Fired 125 | . 48 77 Gun 125 | . 48 77 Cannon . | . . . Launcher . | . . . Special . | . . . Kinetic 62 | . 25 37 Thermal 63 | . 23 40 Explosive . | . . . Electromagnetic . | . . . Robot Hit Streak 10 | . 6 10 Robot Miss Streak 8 | . 8 4 Penetration Max . | . . . Secondary Targets 6 | . 2 4 Max Gunslinging Chain 1 | . 1 1 Shots Hit Robots 69 | . 23 46 Core Hits 26 | . 8 18 Critical Kills . | . . . Critical Parts Destroyed 1 | . 1 . Critical Strikes 5 | . 2 3 Burn 4 | . 1 3 Destroy 1 | . 1 . Melee Attacks . | . . . Impact . | . . . Slashing . | . . . Piercing . | . . . Sneak Attacks . | . . . Combat Hostiles . | . . . Follow-up Attacks . | . . . Damage Inflicted 987 | . 362 625 Guns 987 | . 362 625 Cannons . | . . . Explosions . | . . . Melee . | . . . Ramming . | . . . Kinetic 300 | . 141 159 Thermal 687 | . 221 466 Explosive . | . . . Electromagnetic . | . . . Impact . | . . . Slashing . | . . . Piercing . | . . . Highest Corruption . | . . . Average Corruption . | . . . Corruption Purged . | . . . Corruption Blocked . | . . . Overload Shots . | . . . Overflow Damage . | . . . Projectiles . | . . . Explosions . | . . . Melee . | . . . Knockbacks . | . . . Impact . | . . . Kinetic . | . . . Secondary . | . . . Self-Inflicted Damage . | . . . Shots . | . . . Rammed . | . . . Targets Rammed . | . . . Kicked . | . . . Crushed . | . . . Highest Temperature 447 | . 216 447 Average Temperature 143 | . 83 173 Received Heat Transfer 396 | . 162 234 Effects 10 | . 1 9 Shutdowns 2 | . . 2 Energy Bleed 4 | . 1 3 Interference 4 | . . 4 Siege Activations . | . . . Martial Activations . | . . . Shielding Activations . | . . . Robots Disrupted . | . . . Combat Hostiles . | . . . Robots Corrupted . | . . . Combat Hostiles . | . . . Parts Fried . | . . . Impact Corruptions . | . . . Robots Melted . | . . . Combat Hostiles . | . . . Parts Melted 6 | . 1 5 Heat Transferred 1813 | . 555 1258 Parts Sabotaged . | . . . Parts Stolen . | . . . Parts Stripped . | . . . Power Chain Reactions . | . . . Alert | -11 -10 -10 ------- Run | Yrd Mat Min Maximum Alert Level . | . . . Low Security (%) 100 | 100 100 100 Level 1 . | . . . Level 2 . | . . . Level 3 . | . . . Level 4 . | . . . Level 5 . | . . . High Security . | . . . Max Security . | . . . Peak Influence 111 | . 103 111 Initial 1 | . . 1 Average 31 | . 29 37 Influence Increases 399 | . 159 240 Destroy 0b10 Robot/C 300 | . 100 200 Destroy 0b10 Robot/NC 10 | . 10 . Destroy Leader 72 | . 32 40 Destroy Structure 2 | . 2 . Lose Combat Pursuer 15 | . 15 . Influence Decreases 399 | . 153 246 Entered New Map 5 | . . 5 Time Decay 384 | . 153 231 Lost Part 10 | . . 10 Squads Dispatched 2 | . 2 . Investigation 1 | . 1 . Extermination . | . . . Reinforcement 1 | . 1 . Assault . | . . . Garrison . | . . . Intercept . | . . . Searches Triggered . | . . . Construction Impeded . | . . . Haulers Reinforced . | . . . Active Scanning Responses . | . . . Cargo Convoy Interrupts . | . . . Stealth | -11 -10 -10 --------- Run | Yrd Mat Min Distress Signals 2 | . 2 . Communications Jammed . | . . . Distress Signals . | . . . Times Spotted 26 | . 14 12 Peak Tracking Total 5 | . 5 3 Tactical Retreats 1 | . 1 . Traps | -11 -10 -10 ------- Run | Yrd Mat Min Traps Triggered 1 | . 1 . Indirectly . | . . . Trap Hack Attempts . | . . . Triggered . | . . . Disarmed . | . . . Reprogrammed . | . . . Reused . | . . . Traps Extracted . | . . . Installed . | . . . Triggered . | . . . Machines | -11 -10 -10 ---------- Run | Yrd Mat Min Machines Disabled . | . . . Max in Single Turn . | . . . Machines Repaired . | . . . Machines Dismantled . | . . . Machines Sabotaged . | . . . Overloaded Fab Kills . | . . . Hacking | -11 -10 -10 --------- Run | Yrd Mat Min Machines Accessed . | . . . Terminals . | . . . Fabricators . | . . . Repair Stations . | . . . Recycling Units . | . . . Scanalyzers . | . . . Garrison Access . | . . . Total Hacks . | . . . Successful . | . . . Failed . | . . . Catastrophic . | . . . Database Lockouts . | . . . Manual . | . . . Terminals . | . . . Fabricators . | . . . Repair Stations . | . . . Recycling Units . | . . . Scanalyzers . | . . . Garrison Access . | . . . Terminal Hacks . | . . . Fabricator Hacks . | . . . Repair Station Hacks . | . . . Recycling Unit Hacks . | . . . Scanalyzer . | . . . Garrison Access Hacks . | . . . Unauthorized Hacks . | . . . Terminals . | . . . Fabricators . | . . . Repair Stations . | . . . Recycling Units . | . . . Scanalyzers . | . . . Garrison Access . | . . . Data Cores Recovered . | . . . Used . | . . . Hacking Detections . | . . . Full Trace Events . | . . . Feedback Events . | . . . Feedback Blocked . | . . . Robot Schematics Acquired . | . . . Robots Built . | . . . Authchips . | . . . Time . | . . . Total Robot Build Rating . | . . . Part Schematics Acquired . | . . . Parts Built . | . . . Authchips . | . . . Time . | . . . Total Part Build Rating . | . . . Part Studies Acquired . | . . . Parts Repaired . | . . . Time . | . . . Parts Recycled . | . . . Recycled Matter . | . . . Retrieved Matter . | . . . Retrieved Components . | . . . Parts Scanalyzed . | . . . Part Schematics Acquired . | . . . Parts Damaged . | . . . Bothacking | -11 -10 -10 ------------ Run | Yrd Mat Min Used RIF Installer . | . . . Robots Hacked . | . . . Non-combat . | . . . Combat . | . . . Robot Hacks Applied . | . . . Relay Couplers Released . | . . . Fabnet Peak Effective % . | . . . Robots Rewired . | . . . Allies Hacked . | . . . Hacks Repelled . | . . . Allies | -11 -10 -10 -------- Run | Yrd Mat Min Total Allies . | . . . Largest Group . | . . . Highest-Rated Group . | . . . Highest-Rated Ally . | . . . Total Orders . | . . . Ally Attacks . | . . . Total Damage . | . . . Kills . | . . . Allies Corrupted . | . . . Allies Melted . | . . . Intel | -11 -10 -10 ------- Run | Yrd Mat Min Active Infowar (turns) 628 | . 351 277 Sensors 277 | . . 277 Seismic 351 | . 351 . Robot Analysis Total . | . . . Derelict Logs Recovered . | . . . Drone Launches . | . . . Drone Recoveries . | . . . Exploration | -11 -10 -10 ------------- Run | Yrd Mat Min Turns Passed 1185 | 78 486 621 Spaces Moved 574 | 53 252 269 Core 20 | 19 . 1 Treads 547 | 27 252 268 Legs 7 | 7 . . Wheels . | . . . Hover . | . . . Flight . | . . . Fastest Speed 50 | 50 160 160 Average Speed 156 | 119 160 160 Slowest Speed 300 | 160 160 300 Overloaded Moves . | . . . Propulsion Burnouts . | . . . Robots Hopped . | . . . Potential Cave-ins . | . . . Cave-ins Triggered . | . . . Exploration Rate (%) 31 | 4 50 41 Regions Visited 2 Branch Regions 1 Pre-discovered Areas . | . . . Known Exits Taken . | . . . Unknown Exits Taken 2 | 1 1 . Scrap Searched . | . . . Spaces Dug . | . . . Terrain Destroyed . | . . . Melee . | . . . Projectile . | . . . AOE . | . . . Terrain Rammed . | . . . Walls Destroyed . | . . . Machines Disabled . | . . . Actions | -11 -10 -10 --------- Run | Yrd Mat Min Total 743 | 67 287 389 Wait 67 | . 2 65 Move 572 | 52 251 269 Hop . | . . . Pick Up 19 | 7 6 6 Fast Attach 3 | 3 . . Attach 8 | 4 2 2 Detach 1 | 1 . . Swap 5 | . 1 4 Drop 5 | . 1 4 Fire 63 | . 24 39 Melee . | . . . Ram . | . . . Kick . | . . . Crush . | . . . Escape Stasis . | . . . Rewire . | . . . Trap . | . . . Miscellaneous . | . . . Route ------- -11/Scrapyard -10/Materials (discovered 2 exits: [*Mat] / [*Min]) -10/Mines (discovered 3 exits: [*Mat x2] / [*Sub]) History --------- Turn | Location | Event 8 | -11/Scrapyard | Discovered new exit (range 16) 79 | -11/Scrapyard | Entered Materials 278 | -10/Materials | Discovered new exit (range 12) 306 | -10/Materials | Build established: Mutant 422 | -10/Materials | Discovered new exit (range 16) 565 | -10/Materials | Entered Mines 703 | -10/Mines | Discovered new exit (range 15) 778 | -10/Mines | Core integrity fell below 50% 848 | -10/Mines | Discovered new exit (range 14) 904 | -10/Mines | Found a damaged Exp. Sensor Array with a note attached 908 | -10/Mines | Found Prototype Device 909 | -10/Mines | Identified Exp. Sensor Array 948 | -10/Mines | Core integrity fell below 20% 1014 | -10/Mines | Found a hidden stash of uninstalled traps 1061 | -10/Mines | Excavation squad dispatched 1061 | -10/Mines | A large section of the Mines collapsed 1149 | -10/Mines | Discovered new exit (range 7) 1186 | -10/Mines | Destroyed by G-34 Mercenary with Small Laser Last Messages --------------- 01149_ EXIT=FOUND 01150_ U-05 Engineer lays Concrete. 01150_ T-07 Excavator is excavating. 01151_ U-05 Engineer lays Concrete. 01152_ K-01 Serf collects debris. 01152_ U-05 Engineer lays Concrete. 01157_ K-01 Serf collects debris. 01157_ U-05 Engineer lays Concrete. 01157_ T-07 Excavator is excavating. 01158_ U-05 Engineer lays Concrete. 01162_ K-01 Serf collects debris. 01162_ U-05 Engineer lays Concrete. 01162_ T-07 Excavator is excavating. 01163_ U-05 Engineer builds a Wall. 01165_ K-01 Serf collects debris. 01167_ U-05 Engineer builds a Wall. 01167_ T-07 Excavator is excavating. 01168_ K-01 Serf collects debris. 01172_ T-07 Excavator is excavating. 01184_ Lgt. Treads destroyed. Map ----- +----------------------------------------------------+ | | | | | | | | | | | | | | | ??????????????????????????????????????? | | ????????????#######???????????###?????? | | ???????????## ##?????????# ##????? | | ???????????# &&#???????## #????? | | ???????????# && #???##### < #????? | | ???????????# ## &##??## #????? | | ???????????# #####???# #?????? | | ???????????# #???????## #?????? | | ???????????# #????????#### ##?????# | | ??????????## #???????###### #?????? | | ?????????## ###????## ### #?????# | | ?????????# ##???# #?????# | | ?????##### #???# #?###?# | | ?????#% #??## ###### #?# | | ?????#* #?## ##??# #?# | | ?????#!## ] ### #??# ### | | ?????#%### k #### ## | | ??#### ### g ## # | | ??# ## @ ## | | ??#""" ## t ### ## ### | | ??#""" ## #####?# ## #?## | | ??#""" ## ##?????# ## #??# | | ??# ## #??????# ## #??# | | ??######### #??????# ### ##?# ## | | ??????????# "#??????# #?####??# ### | | ??????????# ##?????# ???????# ##?? | | ????##????# ##????####???????## ##??? | | ???##<###### ""##### #?????????##????? | | ???# ### % " #??????????????? | | ???# ? ## #?????????????? | | ???# ?% ? #?????????????? | | ???#### #####""### ##?????????????? | | ??????####???#### ##??????????????? | | ???????????????# ##???????????????? | | ???????????????? #????????????????? | | ????????????????? #???????????????? | | ????????????????? ? #???????????????? | | ?????????????????? #???????????????? | | ??????????????????# #???????????????? | | ???????????????????# #???????????????? | | ?????????????????????#????????????????? | | ??????????????????????????????????????? | | ??????????????????????????????????????? | +----------------------------------------------------+ Best States ------------- Heat Dissipation 25 Energy Generation 10 Energy Capacity 250 Matter Stores 300 Matter Capacity 300 Sight Range 16 Robot Scan Range 20 Terrain Scan Density 10 Armor Coverage 150 Evasion (%) 50 Recoil Reduction 2 Item Schematics ----------------- None Robot Schematics ------------------ None Fabricated ------------ Nothing Repaired ---------- Nothing Studied --------- None Alien Tech Used ----------------- None Achievements -------------- None Challenges ------------ None Game ------ Seed ClaymoresProtonChargecaster Manual? 0 Play Time 00:10:52 Cumulative 25.7 hours Start 2026.04.09 @ 00:23:46 End 2026.04.09 @ 00:37:25 Sessions 1 Manual Loads 0 Difficulty Rogue Special Mode None Game No. 76 Rogue 76 Adventurer 0 Explorer 0 Win Type - Total 0 Types 0/0/0/0/0/0/0/0/0/0 Lore% 13 Gallery% 22 Achievement% 13 Wizard Run 0 Options --------- Layout 1 ASCII 0 Keyboard 0 Movement Mouse Keybinds 0 Fullscreen 0 Font 16/TamsynBold Map View 64x42 Zoom Use 0% Tactical HUD 1 Map Filters NONE Filters NONE Steam 1 RUN: cb167b8a-a750-41b2-8a36-7c011d45a057